 Dungeon Crawl Stone Soup version 0.23-a0-586-gacb4b3f4ce (webtiles) character file.

3402 Knicklaso the Cleaver (level 10, -20/88 HPs)
             Began as a Hill Orc Fighter on Dec 18, 2018.
             Was a Believer of Beogh.
             Demolished by an orc warlord
             ... wielding a +0 war axe
              (25 damage)
             ... in a bailey.
             The game lasted 00:17:26 (6448 turns).

Knicklaso the Cleaver (Hill Orc Fighter)            Turns: 6448, Time: 00:17:27

Health: -20/88     AC: 10    Str: 28    XL:     10   Next: 4%
Magic:  14/14      EV: 10    Int:  8    God:    Beogh [**....]
Gold:   421        SH: 11    Dex: 10    Spells: 9/9 levels left

rFire    + . .     SeeInvis .   a - +1 war axe
rCold    . . .     Gourm    +   c - +0 shield
rNeg     . . .     Faith    .   D - +1 ring mail {rF+}
rPois    .         Spirit   .   u - +0 helmet
rElec    .         Reflect  .   o - scarf {repulsion}
rCorr    .         Harm     .   g - +0 pair of gloves
MR       +....                  (no boots)
Stlth    ..........             e - amulet of the gourmand
HPRegen  0.24/turn              t - +5 ring of slaying
MPRegen  0.14/turn              q - ring of protection from magic

@: mighty, flying, repel missiles
A: no striking features
a: Smiting, Renounce Religion


You were in a bailey.
You worshipped Beogh.
Beogh was pleased with you.
You were full.

You visited 1 branch of the dungeon, and saw 7 of its levels.
You also visited: Sewer and Bailey.

You collected 421 gold pieces.

Inventory:

Hand Weapons
 a - a +1 war axe (weapon)
 G - a +2 whip of flaming
Missiles
 L - 13 tomahawks of returning (quivered)
Armour
 c - a +0 shield (worn)
 g - a +0 pair of gloves (worn)
 o - a scarf of repulsion (worn)
 u - a +0 helmet (worn)
 D - a +1 ring mail of fire resistance (worn)
Jewellery
 b - an uncursed ring of see invisible
 e - an amulet of the gourmand (around neck)
 q - a ring of protection from magic (right hand)
 t - a +5 ring of slaying (left hand)
 E - an uncursed ring of poison resistance
Wands
 z - a wand of flame (18)
 F - a wand of scattershot (6)
 K - a wand of random effects (14)
Scrolls
 i - a scroll of amnesia {unknown}
 k - 12 scrolls of identify
 m - a scroll of fog
 n - 6 scrolls of enchant weapon
 p - a scroll of immolation {unknown}
 s - a scroll of remove curse
 x - a scroll of noise {unknown}
 y - a scroll of enchant armour {unknown}
 M - 3 scrolls of teleportation {unknown}
Potions
 j - 2 potions of magic {unknown}
 l - 4 potions of brilliance {unknown}
 r - 4 potions of heal wounds {unknown}
 v - 2 potions of curing
 A - a potion of ambrosia {unknown}
 C - a potion of cancellation {unknown}
 I - a potion of lignification {unknown}
Comestibles
 f - 13 rations


   Skills:
 + Level 7.8 Fighting
 * Level 10.6 Axes
 + Level 7.0 Armour
 + Level 2.8 Dodging
 + Level 6.9 Shields
 + Level 5.6 Invocations


You had 9 spell levels left.
You didn't know any spells.
Your spell library was empty.

Dungeon Overview and Level Annotations

Branches:
Dungeon (7/15)             Temple (0/1) D:6

Altars:
The Shining One


Message History

The tomahawk of returning fails to return to your pack!
You hit the orc warlord.
The orc warlord is severely wounded.
The orc warlord completely misses you.
You slice the orc warlord!!
The orc warlord is almost dead.
You block the orc warlord's attack.
You closely miss the orc warlord.
The orc warlord is almost dead.
The orc warlord hits you with a +0 war axe!!
You barely miss the orc warlord.
The orc warlord is almost dead.
The orc warlord hits you with a +0 war axe!!
* * * LOW HITPOINT WARNING * * *
Your shield prevents you from hitting the orc warlord.
The orc warlord is almost dead.
You slash the orc warlord!
The orc warlord is almost dead.
The orc warlord hits you with a +0 war axe!!
You die...

#...'≈≈..... ..o#.....'....
#...'≈≈....∩ ..g#.....'...∩
#...'≈≈..... ...#.....'†...
#...##≈8.8.. 8.8##....#....
##....#≈..... ..!g#...)##...
##..(..#g≈#≈.. ..[≈#.....##..
##.....(#### ≈≈≈ #......##≈
#...8...(((#########........#≈
#.....((.(((o@...'....8..8..#≈
#..........#≈≈≈≈≈#..........#≈
##..8..8...#≈≈≈≈≈#.........##
##.......##≈≈≈≈≈##...8...##
##.....##..††...## ...
##...##....†....# ..
#####♣♣♣.....♣♣♣ # ♣♣♣∩♣♣♣ ♣♣♣


You could see an orc warlord.

Vanquished Creatures
  Pikel (D:6)
  An orc knight (Bailey)
  Grinder (D:4)
  Eustachio (D:6)
  Edmund (D:6)
  Menkaure (D:6)
  An orc warrior (Bailey)
  2 sky beasts
  2 ogres
  A centaur (D:7)
  A big kobold (Sewer)
  2 bullfrogs
  A gnoll sergeant (D:5)
  A water moccasin zombie (D:6)
  5 scorpions
  3 crimson imps
  3 hounds
  An orc priest (D:4)
  A bullfrog skeleton (D:7)
  2 orc wizards
  3 iguanas
  8 worker ants
  A hound zombie (D:7)
  Robin (D:3)
  A howler monkey skeleton (D:7)
  9 adders
  6 gnolls
  A river rat (Sewer)
  2 shadow imps (D:5)
  3 oozes
  An adder skeleton (D:4)
  7 worms
  2 dart slugs (D:1)
  4 leopard geckos
  13 orcs
  5 giant cockroaches
  18 goblins
  20 hobgoblins
  15 jackals
  6 quokkas
  18 bats
  6 frilled lizards
  19 kobolds
  2 leopard gecko zombies
  14 rats
217 creatures vanquished.

Vanquished Creatures (others)
  A slave (D:6)
  A hound (D:6)
  An adder (D:6)
  An orc (D:6)
  A quokka (D:6)
  A fungus (D:4)
6 creatures vanquished.

Grand Total: 223 creatures vanquished

Notes
Turn   | Place    | Note
-------+----------+-------------------------------------------
     0 | D:1      | Knicklaso the Hill Orc Fighter began the quest for the Orb.
     0 | D:1      | Reached XP level 1. HP: 19/19 MP: 1/1
   100 | D:1      | Reached skill level 3 in Axes
   106 | D:1      | Reached XP level 2. HP: 21/27 MP: 2/2
   203 | D:1      | Reached XP level 3. HP: 27/33 MP: 3/3
   844 | D:2      | Reached skill level 4 in Axes
   902 | D:2      | Reached XP level 4. HP: 37/40 MP: 4/4
  1244 | D:2      | Reached XP level 5. HP: 27/47 MP: 5/5
  1323 | D:2      | Reached skill level 5 in Axes
  1858 | D:3      | Noticed Robin
  1884 | D:3      | Killed Robin
  2024 | D:3      | Reached XP level 6. HP: 33/53 MP: 6/6
  2306 | D:3      | Noticed a sky beast
  2326 | D:3      | HP: 2/53 [sky beast (5)]
  2327 | D:3      | Killed a sky beast
  2327 | D:3      | Reached skill level 5 in Fighting
  2327 | D:3      | Reached skill level 6 in Axes
  2824 | D:4      | Reached XP level 7. HP: 54/61 MP: 7/7
  2963 | D:4      | Became a worshipper of Beogh the Brigand
  3124 | D:4      | Reached skill level 7 in Axes
  3124 | D:4      | Reached skill level 5 in Shields
  3136 | D:4      | Reached skill level 5 in Armour
  3139 | D:4      | Noticed Grinder
  3162 | D:4      | Killed Grinder
  3162 | D:4      | Reached skill level 1 in Invocations
  3162 | D:4      | Reached XP level 8. HP: 19/70 MP: 7/9
  3696 | D:4      | Reached skill level 8 in Axes
  3704 | D:4      | Reached * piety under Beogh
  3815 | D:5      | Entered Level 5 of the Dungeon
  4402 | D:5      | Found a glowing drain.
  4411 | Sewer    | Entered a sewer
  4497 | Sewer    | Found a white marble altar of Elyvilon.
  4616 | D:6      | Noticed Pikel
  4639 | D:6      | Killed Pikel
  4639 | D:6      | Reached skill level 9 in Axes
  4639 | D:6      | Reached skill level 1 in Dodging
  4639 | D:6      | Reached XP level 9. HP: 65/78 MP: 10/12
  4702 | D:6      | Noticed Menkaure
  4710 | D:6      | Killed Menkaure
  4971 | D:6      | Found a staircase to the Ecumenical Temple.
  5361 | D:6      | Noticed Edmund
  5371 | D:6      | Killed Edmund
  5372 | D:6      | Reached ** piety under Beogh
  5488 | D:6      | Found a glowing golden altar of the Shining One.
  5568 | D:6      | Noticed Eustachio
  5581 | D:6      | Killed Eustachio
  5652 | D:6      | Reached skill level 10 in Axes
  5753 | D:7      | Reached skill level 5 in Invocations
  5787 | D:7      | Found a flagged portal.
  5799 | Bailey   | Entered a bailey
  5804 | Bailey   | Noticed an orc warlord
  5994 | Bailey   | Found a runed gate.
  5994 | Bailey   | Found a runed gate.
  5994 | Bailey   | Found a runed gate.
  6000 | Bailey   | Noticed an orc knight
  6040 | Bailey   | Killed an orc knight
  6040 | Bailey   | Reached XP level 10. HP: 46/88 MP: 12/14
  6448 | Bailey   | Demolished by an orc warlord

Vault maps used:
D:1:      minmay_arrival_widening_spiral_wide
D:3:      first_ration, uniq_robin
D:4:      old_forge, chequers_arboretum, minmay_distorted, uniq_grinder
D:5:      gup_sewer_entry_bubbles, serial_bayou_lagoon_b
D:6:      minmay_temple_entry_glassed_door, tso_metal_star, uniq_eustachio,
          uniq_menkaure, uniq_edmund, uniq_pikel
D:7:      enter_bailey_2, uniq_prince_ribbit1
Sewer:    sewer_kobolds
Bailey:   bailey_axe_bossmonster_kennysheep, bailey

Skill      XL: |  1  2  3  4  5  6  7  8  9 |
---------------+----------------------------+-----
Axes           | 3 4 5 6 7 9 10 | 10.6
Fighting       | 4 5 6 7 |  7.8
Shields        | 4 5 6 |  6.9
Armour         | 4 5 6 7 |  7.0
Invocations    | 1 4 5 |  5.6
Dodging        | 1 2 |  2.8

Action                   |  1- 3 |  4- 6 |  7- 9 | 10-12 || total
-------------------------+-------+-------+-------+-------++-------
Melee: War axe           |    97 |   294 |   330 |    19 ||   740
Throw: Tomahawk          |       |       |       |    40 ||    40
Invok: Convert to Beogh  |       |       |     1 |       ||     1
  Use: Potion            |       |       |       |     5 ||     5
       Scroll            |       |       |       |     4 ||     4
 Stab: Held in net/web   |       |       |     1 |       ||     1
  Eat: Chunk             |       |    19 |    10 |       ||    29
Armor: Scale mail        |    55 |   118 |    50 |       ||   223
       Ring mail         |       |       |    67 |     2 ||    69
Dodge: Dodged            |    41 |    86 |   113 |     8 ||   248
       Deflected         |       |     4 |    20 |     4 ||    28
Block: Shield            |    66 |   129 |   167 |    16 ||   378

Table legend:
 A = Non-vault XP
 B = Vault XP
 C = Vault XP percentage of total XP
 D = Non-vault monster count
 E = Vault monster count
 F = Vault count percentage of total count
                 A         B        C        D         E       F
            +---------+---------+-------+---------+---------+-------
      Total |    2288 |    2572 |  52.9 |     147 |      70 |  32.3
            +---------+---------+-------+---------+---------+-------
        D:1 |      59 |       0 |   0.0 |      27 |       0 |   0.0
        D:2 |     165 |       0 |   0.0 |      32 |       0 |   0.0
        D:3 |     295 |      38 |  11.4 |      27 |      13 |  32.5
        D:4 |     507 |     538 |  51.5 |      25 |      16 |  39.0
        D:5 |     313 |      33 |   9.5 |       9 |       6 |  40.0
        D:6 |     669 |    1052 |  61.1 |      19 |       4 |  17.4
        D:7 |     280 |       0 |   0.0 |       8 |       0 |   0.0
      Sewer |       0 |     123 | 100.0 |       0 |       9 | 100.0
     Bailey |       0 |     788 | 100.0 |       0 |      22 | 100.0
            +---------+---------+-------+---------+---------+-------
